 Dungeon Crawl Stone Soup version 0.19-a0-414-g76fec5b (webtiles) character file.

64 Kidiri the Magician (level 3, -5/19 HPs)
             Began as a Deep Elf Fire Elementalist on May 31, 2016.
             Splashed by Ijyb's acid (10 damage)
             ... on level 2 of the Dungeon.
             The game lasted 00:06:04 (1823 turns).

Kidiri the Magician (Deep Elf Fire Elementalist)    Turns: 1823, Time: 00:06:05

Health: -5/19      AC:  3    Str:  5    XL:     3   Next: 91%
Magic:  6/10       EV: 13    Int: 20    God:
Gold:   49         SH:  0    Dex: 15    Spells: 4 memorised, 1 level left

rFire  . . .     SeeInvis .     e - +0 dagger
rCold  . . .     Gourm    .     a - +0 robe
rNeg   . . .     Faith    .     (no shield)
rPois  .         Spirit   .     (no helmet)
rElec  .         Dismiss  .     (no cloak)
rCorr  .         Reflect  .     f - +0 pair of gloves
SustAt .         Harm     .     (no boots)
MR     .....                    (no amulet)
Stlth  ++........               (no ring)
                                (no ring)

@: not resistant to hostile enchantments, unstealthy
A: no striking features
a: no special abilities


You were on level 2 of the Dungeon.
You were not hungry.

You visited 1 branch of the dungeon, and saw 2 of its levels.

You collected 49 gold pieces.

Inventory:

Hand Weapons
 e - a +0 dagger (weapon)
Armour
 a - a +0 robe (worn)
 f - a +0 pair of gloves (worn)
Scrolls
 h - a scroll of identify {unknown}
Potions
 d - a potion of flight
 g - a potion of curing
 i - a potion of haste {unknown}
 k - a potion of agility {unknown}
Books
 b - a book of Flames

   Spells                             Type                      Level
   a - Flame Tongue                   Conjuration/Fire             1
   b - Throw Flame                    Conjuration/Fire             2
   c - Conjure Flame                  Conjuration/Fire             3
   d - Inner Flame                    Hexes/Fire                   3
   e - Sticky Flame                   Conjuration/Fire             4
   f - Fireball                       Conjuration/Fire             5
Comestibles
 c - 2 bread rations
 j - a beef jerky
 l - a meat ration
 m - 8 chunks of flesh


   Skills:
 - Level 2.4 Dodging
 - Level 2.4 Stealth
 + Level 4.2 Spellcasting
 + Level 2.3 Conjurations
 + Level 4.1 Fire Magic


You had one spell level left.
You knew the following spells:

 Your Spells              Type           Power        Failure   Level  Hunger
a - Flame Tongue          Conj/Fire      ###..        3%          1    None
b - Throw Flame           Conj/Fire      ###...       6%          2    #......
c - Conjure Flame         Conj/Fire      ###.....     12%         3    ###....
d - Inner Flame           Hex/Fire       ##......     17%         3    ###....


Dungeon Overview and Level Annotations

Branches:
Dungeon (2/15)

Altars:
Pakellas

Shops:
D:2 }

Annotations:
D:2 Ijyb


Message History

Confirm with . or Enter, or press ? or * to list all spells.
Aiming: Throw Flame
Press: ? - help, Shift-Dir - straight line, f/p - Ijyb
Aim: Ijyb, wielding a club and wearing a ring mail (lightly wounded)
The puff of flame misses Ijyb.
Casting: Throw Flame
Confirm with . or Enter, or press ? or * to list all spells.
You can't see any susceptible monsters within range! (Use Z to cast anyway.) Unknown command.
You start resting.
Casting: Throw Flame
Confirm with . or Enter, or press ? or * to list all spells.
You can't see any susceptible monsters within range! (Use Z to cast anyway.) Unknown command.
Ijyb zaps a wand.
The bolt of acid hits you!
Ouch! That really hurt!
* * * LOW HITPOINT WARNING * * *
The acid burns!
Ouch! That really hurt!
You die...

...####..........................
..##.##...##.##.###......#.##.###
..#...#.#.##.##.# #...........#
..'._∩#.#.......###.#########.#
..#...#......##........# ...#
..##.##.#.##.##..##.##. ...#
...####..........##.# #...#
.##....######.##....# #...#
............#.##@####
.####.......#.##.##
<####..........#........
............#..#.#...##.
.####.#.....#..#.#...## .#
#.#######.......g..
.####...................
....#...).#####.........
.##.#.###.# ##.#...#.#


You could see Ijyb.

Vanquished Creatures
  Terence (D:2)
  An adder (D:2)
  An ooze (D:1)
  A dart slug (D:1)
  A giant gecko (D:1)
  6 hobgoblins
  4 jackals (D:2)
  A bat (D:2)
  A giant newt (D:1)
  2 goblins
  2 kobolds
  2 rats (D:1)
23 creatures vanquished.

Notes
Turn   | Place    | Note
--------------------------------------------------------------
     0 | D:1      | Kidiri the Deep Elf Fire Elementalist began the quest for the Orb.
     0 | D:1      | Reached XP level 1. HP: 10/10 MP: 6/6
   644 | D:1      | Reached XP level 2. HP: 12/15 MP: 4/8
   648 | D:1      | Learned a level 2 spell: Throw Flame
  1209 | D:2      | Reached XP level 3. HP: 11/19 MP: 1/10
  1214 | D:2      | Learned a level 3 spell: Conjure Flame
  1218 | D:2      | Learned a level 3 spell: Inner Flame
  1311 | D:2      | Noticed Terence
  1349 | D:2      | Killed Terence
  1789 | D:2      | Found an oddly glowing altar of Pakellas.
  1789 | D:2      | Found Pakellas's Prime Provisions.
  1818 | D:2      | Noticed Ijyb
  1823 | D:2      | Splashed by Ijyb's acid

Vault maps used:
D:1:      roderic_crossed_star, monster_avoids_cloud
D:2:      johnstein_pakellas_shop, uniq_terence, uniq_iyjb

Skill      XL: |  1  2  3 |
---------------+----------+-----
Spellcasting   | 4 |  4.2
Conjurations   | 2 |  2.3
Fire Magic     | 4 |  4.1
Dodging        | |  2.4
Stealth        | |  2.4

Action                   || total
-------------------------++-------
Melee: Dagger            ||    44
 Cast: Flame Tongue      ||    42
       Throw Flame       ||    10
       Conjure Flame     ||     1
  Use: Potion            ||     2
       Scroll            ||     1
 Stab: Sleeping          ||     2
  Eat: Chunk             ||     3
Armor: Robe              ||    13
Dodge: Dodged            ||    37
